 Dungeon Crawl Stone Soup version 0.31-a0-441-g867994ef1c (webtiles) character file.

Game seed: 13550938856667114289

49 CraigForest the Sneak (level 3, -5/21 HPs)
             Began as a Tengu Brigand on Aug 2, 2023.
             Slain by Sigmund
             ... wielding a +0 scythe
              (7 damage)
             ... on level 3 of the Dungeon.
             The game lasted 00:05:25 (1224 turns).

CraigForest the Sneak (Tengu Brigand)               Turns: 1224, Time: 00:05:25

Health: -5/21      AC:  3    Str: 11    XL:     3   Next: 77%
Magic:  4/4        EV: 12    Int: 11    God:
Gold:   54         SH:  0    Dex: 17    Spells: 2/2 levels left

rFire   . . .        a - +2 dagger
rCold   . . .        (no shield)
rNeg    . . .        b - +0 robe
rPois   .            (helmet restricted)
rElec   .            c - +0 cloak
rCorr   .            (no gloves)
SInv    .            (boots unavailable)
Will    .....        (no amulet)
Stlth   +++          (no ring)
HPRegen 0.23/turn    (no ring)
MPRegen 0.09/turn

%: no passive effects
@: no status effects
A: beak, talons 3
a: no special abilities


You were on level 3 of the Dungeon.
You visited 1 branch of the dungeon, and saw 3 of its levels.

You collected 54 gold pieces.

Inventory:

Hand Weapons
 a - a +2 dagger (weapon)
 j - a +0 great mace
 m - a +2 antimagic sling
Missiles
 d - 15 poisoned darts (quivered)
 e - 3 curare-tipped darts
Armour
 b - a +0 robe (worn)
 c - a +0 cloak (worn)
Talismans
 i - a blade talisman
Scrolls
 k - 2 scrolls of revelation {unknown}
 l - 5 scrolls of identify {unknown}
 n - 2 scrolls of vulnerability {unknown}
Potions
 f - a potion of brilliance {unknown}
 g - a potion of magic {unknown}
 h - 2 potions of heal wounds {unknown}
 o - a potion of attraction {unknown}


   Skills:
 + Level 2.1 Fighting
 + Level 2.3 Short Blades
 + Level 2.1 Throwing
 + Level 1.1 Dodging
 + Level 5.0 Stealth
 * Level 0.3 Spellcasting
 * Level 1.0 Air Magic


You had 2 spell levels left.
You didn't know any spells.
Your spell library contained the following spells:

 Spells                   Type           Power      Damage    Failure   Level
 Blink                    Tloc           0%         N/A       45%         2
 Lesser Beckoning         Tloc           0%         N/A       45%         2
 Momentum Strike          Conj/Tloc      0%         3d8       45%         2
 Vhi's Electric Charge    Tloc/Air       2%         N/A       63%         3
 Volatile Blastmotes      Fire/Tloc      0%         2d10      71%         3
 Fulminant Prism          Conj/Hex       0%         3d5       98%         4
 Iskenderun's Mystic Bla  Conj/Tloc      0%         2d3       98%         4
 Arcjolt                  Conj/Air       0%         1d10      100%        5
 Plasma Beam              Fire/Air       0%         2x1d10    100%        6


Dungeon Overview and Level Annotations

Branches:
Dungeon (3/15)

Altars:

Annotations:
D:3 Sigmund


Innate Abilities, Weirdness & Mutations

You have a beak for a mouth.
You have claws for feet.


Message History

Sigmund the Dreaded comes into view.
He is wielding a +0 scythe.
Sigmund shouts!
A rat comes into view.
Sigmund casts a spell.
Sigmund flickers and vanishes!
Deactivating autopickup; reactivate with Ctrl-A.
Throw: 20 darts (poison)
Press: ? - help, Q - select action, (/) - cycle Shift-Dir - straight line You throw a poisoned dart.
Throw: 19 darts (poison)
Press: ? - help, Q - select action, (/) - cycle Shift-Dir - straight line, f - rat
Aim: a rat (59% to hit)
You throw a poisoned dart.
The poisoned dart barely misses the rat.
Throw: 18 darts (poison)
Press: ? - help, Q - select action, (/) - cycle Shift-Dir - straight line, p - rat You throw a poisoned dart.
You hear some strange, mumbled words.
Something tries to affect you, but you resist.
Throw: 17 darts (poison)
Press: ? - help, Q - select action, (/) - cycle Shift-Dir - straight line, f - rat
Aim: a rat (59% to hit)
You throw a poisoned dart. The poisoned dart hits the rat.
The rat is poisoned.
You kill the rat!
Your Air Magic skill increases to level 1!
Throw: 16 darts (poison)
Press: ? - help, Q - select action, (/) - cycle Shift-Dir - straight line You throw a poisoned dart.
Something hits you!
Unknown command.
You closely miss something. Your kick misses something.
You hear some strange, mumbled words.
Something tries to affect you, but you resist.
You hit something. Your kick misses something. Something barely misses you.
You closely miss something. You peck something. You hit something.
Something hits you!
Ouch! That really hurt!
* * * LOW HITPOINT WARNING * * *
You hit something. Something hits you!
You die...

##..#..#.##..####
#...>.#........#
...............#
...#......<.#
.....##.#..##
...#. #.##.#
......#.##.#
......#.##.#####
..........@...#
#.......{....#
.#............#
......(.......#
..#..>.########
#...(.. (..#...
## #... #.[(


There were no monsters in sight!

Vanquished Creatures
  An adder (D:2)
  A worm (D:2)
  A dart slug (D:1)
  3 endoplasms
  2 giant cockroaches
  6 goblins
  3 hobgoblins
  4 kobolds
  5 ball pythons
  2 bats
  2 frilled lizards
  6 rats
36 creatures vanquished.

Notes
Turn   | Place    | Note
-------+----------+-------------------------------------------
     0 | D:1      | CraigForest the Tengu Brigand began the quest for the Orb.
     0 | D:1      | Reached XP level 1. HP: 12/12 MP: 2/2
   179 | D:1      | Reached XP level 2. HP: 12/17 MP: 3/3
   659 | D:2      | Reached XP level 3. HP: 21/21 MP: 4/4
   713 | D:2      | Reached skill level 5 in Stealth
  1208 | D:3      | Noticed Sigmund
  1218 | D:3      | Reached skill level 1 in Air Magic
  1224 | D:3      | Slain by Sigmund

Illustrated notes

Levels and vault maps discovered:
D:1:      dpeg_arrival_round_c, layout_rooms
D:2:      layout_basic
D:3:      layout_rooms, lemuel_zombie_altar_kikubaaqudgha,
          mainiacjoe_overflow_brackets, minivault_19, minmay_box_of_dots,
          uniq_sigmund

Skill      XL: |  1  2  3 |
---------------+----------+-----
Stealth        | 5 |  5.0
Air Magic      | 1 |  1.0
Fighting       | |  2.1
Short Blades   | |  2.3
Throwing       | |  2.1
Dodging        | |  1.1
Spellcasting   | |  0.3

Action                     || total
---------------------------++-------
  Melee: Dagger            ||    69
         Kick              ||    18
         Peck              ||     9
  Throw: Dart              ||    10
   Stab: Sleeping          ||     7
 Armour: Robe              ||    14
  Dodge: Dodged            ||    32

Table legend: (Time is in decaauts)
 A = Elapsed time spent in this place.
 B = Non-inter-level travel time spent in this place.
 C = Inter-level travel time spent in this place.
 D = Time resting spent in this place.
 E = Time spent auto-exploring this place.
 F = Levels seen in this place.
 G = Mean time per level.
                   A        B        C        D        E       F      G
               +--------+--------+--------+--------+--------+-----+--------+
         Total |   1213 |   1072 |    141 |     20 |    738 |   3 |  404.3 |
       Dungeon |   1213 |   1072 |    141 |     20 |    738 |   3 |  404.3 |
               +--------+--------+--------+--------+--------+-----+--------+

Top non-repeatable levels by time:
     D:1: 642 daAuts
     D:2: 455 daAuts
     D:3: 115 daAuts
